AoeStats
← Mangudai de Oakley

Arena

509491319Analyzed
4v4 RM · 4d ago on Sep 27, 2026· 59m 30s· 8 players
Game mode
Random Map
Map size
Large (8 player)
Population
200
Speed
Normal
Resources
Standard
Victory
Conquest
Starting age
Dark Age
Ending age
Imperial Age
RankedLock teamsTeams togetherTeam positionsShared explorationLock speedFull tech treeHidden civsTurbo modeCheats
Victory
Defeat
🇨🇦 Burgundians · Canada
1250
+10
🇪🇸 Persians · Spain
1168
+14
🇫🇮 Vietnamese · Finland
1086
+17
🇺🇸 Italians · United States
958
+21
🇨🇦 Vikings · Canada
1160
-18
🇺🇸 Italians · United States
1150
-17
🇧🇷 Hindustanis · Brazil
1127
-16
🇧🇷 Bohemians · Brazil
995
-11
Veloester
5:11 Loom
11:28 Feudal Age
13:39 Double-Bit Axe
15:57 Castle Age
13:53 Horse Collar
14:25 Town Watch
16:55 Scale Barding Armor
17:29 Cavalier
22:50 Wheelbarrow
27:11 Hand Cart
28:57 Chain Barding Armor
29:18 Forging
31:10 Town Patrol
32:20 Husbandry
33:47 Bow Saw
33:38 Heavy Plow
36:22 Imperial Age
35:57 Scale Mail Armor
36:33 Iron Casting
37:03 Chain Mail Armor
36:26 Pikeman
37:07 Squires
37:14 Halberdier
39:11 Blast Furnace
38:25 Paladin
41:02 Fortified Wall
43:36 Chemistry
46:11 Plate Barding Armor
48:26 Caravan
53:49 Arrowslits
53:55 Guard Tower
59:48 Plate Mail Armor
-x9
10:29 Feudal Age
14:20 Castle Age
12:36 Double-Bit Axe
12:55 Horse Collar
15:15 Bow Saw
21:16 Fletching
21:56 Bodkin Arrow
22:22 Padded Archer Armor
23:48 Leather Archer Armor
23:49 Bloodlines
23:57 Gold Mining
23:54 Loom
25:10 Thumb Ring
26:39 Wheelbarrow
27:19 Husbandry
28:03 Ballistics
29:05 Heavy Plow
31:39 Imperial Age
31:13 Stone Mining
31:44 Hand Cart
32:59 Stone Shaft Mining
35:04 Two-Man Saw
34:36 Crop Rotation
34:31 Bracer
35:33 Chemistry
35:05 Ring Archer Armor
36:09 Light Cavalry
36:56 Scale Barding Armor
37:01 Forging
38:24 Chain Barding Armor
37:26 Hussar
39:00 Conscription
38:01 Elite Genoese Crossbowman
39:56 Iron Casting
40:57 Plate Barding Armor
42:18 Blast Furnace
44:29 Pirotechnia
47:37 Caravan
TomJerry
10:24 Feudal Age
11:04 Horse Collar
11:49 Loom
15:45 Castle Age
13:58 Loom
14:20 Double-Bit Axe
15:40 Wheelbarrow
16:46 Bow Saw
16:37 Heavy Plow
18:01 Stone Mining
22:34 Gold Mining
26:02 Hand Cart
31:31 Imperial Age
29:03 Fletching
29:13 Padded Archer Armor
29:53 Bodkin Arrow
30:27 Forging
30:18 Scale Mail Armor
30:47 Leather Archer Armor
30:03 Pikeman
31:13 Squires
30:58 Arson
30:34 Man-at-Arms
32:06 Ballistics
32:57 Ring Archer Armor
33:02 Iron Casting
32:27 Bracer
32:33 Scale Barding Armor
31:57 Halberdier
32:14 Elite Rattan Archer
34:13 Chemistry
33:21 Murder Holes
33:37 Long Swordsman
33:38 Elite Fire Lancer
34:35 Two-Handed Swordsman
35:31 Chain Mail Armor
35:28 Champion
37:30 Chatras
37:50 Paper Money
38:41 Two-Man Saw
38:11 Crop Rotation
38:28 Fortified Wall
38:28 Masonry
38:24 Siege Engineers
39:30 Stone Shaft Mining
39:29 Champion
40:59 Plate Mail Armor
44:13 Crossbowman
44:58 Thumb Ring
44:14 Elite Skirmisher
44:14 Heavy Cavalry Archer
46:47 Caravan
47:17 Coinage
46:58 Guilds
46:23 Imperial Skirmisher
46:23 Arbalester
48:11 Bombard Tower
55:24 Banking
|GaoeG| Ratarax
11:48 Feudal Age
15:49 Castle Age
14:21 Double-Bit Axe
14:46 Horse Collar
20:12 Wheelbarrow
20:11 Loom
25:29 Stone Mining
25:30 Gold Mining
26:15 Bow Saw
27:35 Hand Cart
30:20 Imperial Age
30:16 Scale Barding Armor
30:23 Forging
30:34 Kamandaran
32:24 Two-Man Saw
31:50 Chain Barding Armor
31:33 Fletching
31:49 Padded Archer Armor
32:36 Crossbowman
33:22 Thumb Ring
34:38 Plate Barding Armor
35:56 Bodkin Arrow
36:19 Leather Archer Armor
36:40 Iron Casting
37:08 Chemistry
36:30 Ballistics
39:02 Ring Archer Armor
41:10 Elite War Elephant
44:51 Conscription
48:27 Heavy Plow
48:15 Light Cavalry
49:06 Bloodlines
48:56 Husbandry
50:07 Blast Furnace
50:25 Hussar
54:23 Masonry
55:27 Cavalier
57:47 Citadels
MoonlightS96
9:07 Feudal Age
9:41 Double-Bit Axe
14:44 Castle Age
12:55 Horse Collar
15:35 Bow Saw
18:57 Town Watch
22:40 Stone Mining
25:27 Stone Shaft Mining
24:46 Gold Mining
29:56 Loom
31:12 Fletching
33:57 Imperial Age
32:04 Wheelbarrow
33:22 Bodkin Arrow
33:27 Padded Archer Armor
34:02 Hand Cart
33:55 Town Patrol
34:11 Hand Cart
34:48 Stone Shaft Mining
34:50 Bracer
35:17 Conscription
35:22 Ballistics
36:03 Chemistry
37:08 Two-Man Saw
36:11 Heavy Plow
36:29 Treadmill Crane
36:45 Murder Holes
37:00 Masonry
37:10 Elite Genoese Crossbowman
43:21 Squires
44:08 Architecture
44:16 Hoardings
44:13 Leather Archer Armor
43:59 Scale Mail Armor
44:09 Forging
46:20 Arson
50:36 Ring Archer Armor
50:22 Chain Mail Armor
50:42 Iron Casting
51:41 Hoardings
52:37 Pikeman
54:55 Plate Mail Armor
55:25 Blast Furnace
BiggM4k
9:40 Feudal Age
16:01 Castle Age
14:55 Double-Bit Axe
15:50 Horse Collar
18:17 Bow Saw
21:37 Heavy Plow
23:05 Loom
24:08 Gold Mining
28:01 Imperial Age
26:05 Scale Mail Armor
26:15 Forging
26:46 Town Watch
27:22 Chain Mail Armor
27:10 Squires
26:56 Arson
27:18 Stone Mining
27:34 Chieftains
28:35 Elite Berserk
31:06 Conscription
31:38 Plate Mail Armor
31:43 Iron Casting
34:44 Blast Furnace
33:34 Fletching
38:37 Crop Rotation
39:13 Two-Man Saw
38:01 Pikeman
39:20 Bodkin Arrow
39:27 Padded Archer Armor
42:11 Elite Skirmisher
43:10 Bracer
43:26 Leather Archer Armor
43:57 Bogsveigar
43:39 Elite Varangian Guard
48:28 Ring Archer Armor
48:50 Ballistics
49:31 Chemistry
50:08 Gold Shaft Mining
DKT | Franklin
1:03 Loom
11:13 Feudal Age
11:59 Horse Collar
12:06 Double-Bit Axe
17:26 Arson
17:03 Man-at-Arms
20:19 Castle Age
20:56 Forging
20:47 Scale Mail Armor
20:47 Padded Archer Armor
20:38 Fletching
20:27 Long Swordsman
22:49 Wheelbarrow
21:59 Town Watch
22:32 Pikeman
26:07 Hand Cart
26:28 Bow Saw
27:09 Squires
29:21 Town Patrol
31:56 Heavy Plow
40:14 Chemistry
39:10 Murder Holes
39:25 Fortified Wall
39:28 Fervor
40:21 Masonry
40:55 Sanctity
41:41 Elite Skirmisher
44:21 Iron Casting
44:02 Chain Mail Armor
44:02 Leather Archer Armor
43:43 Bodkin Arrow
46:58 Imperial Age
44:53 Ballistics
45:27 Guard Tower
46:01 Wagenburg Tactics
46:00 Caravan
47:06 Halberdier
49:41 Two-Man Saw
52:45 Siege Engineers
53:10 Architecture
53:27 Plate Mail Armor
57:15 Houfnice
Mangudai de Oakley
10:17 Feudal Age
14:26 Castle Age
12:21 Double-Bit Axe
14:38 Loom
15:04 Scale Barding Armor
14:55 Loom
19:46 Horse Collar
20:18 Bow Saw
21:13 Wheelbarrow
24:07 Light Cavalry
24:57 Bloodlines
24:48 Husbandry
26:54 Gold Mining
30:12 Imperial Age
29:04 Forging
30:24 Chain Barding Armor
30:43 Gold Shaft Mining
32:18 Heavy Plow
32:05 Heavy Camel Rider
33:56 Plate Barding Armor
35:04 Hand Cart
34:35 Town Watch
36:41 Iron Casting
36:26 Imperial Camel Rider
38:29 Blast Furnace
37:21 Fletching
37:37 Stone Mining
39:17 Two-Man Saw
40:25 Devotion
40:11 Elite Skirmisher
41:57 Chemistry
41:18 Ballistics
40:56 Bodkin Arrow
41:02 Padded Archer Armor
41:27 Hussar
42:52 Siege Engineers
42:50 Bracer
46:46 Town Patrol
46:43 Siege Elephant
48:52 Leather Archer Armor
48:53 Fortified Wall
52:23 Conscription
52:39 Hoardings
52:04 Murder Holes
52:21 Masonry
Connection lost

Rejoining the realm…

Still unreachable

The connection could not be restored.

Session expired

The server has moved on; the page needs a fresh start.